 Dungeon Crawl Stone Soup version 0.28-a0-313-gbc0475efdd (webtiles) character file.

Game seed: 7938946917193614268

430 Leszczynek the Insei (level 7, 2/55 HPs)
             Began as a Human Gladiator on Aug 31, 2021.
             Was an Initiate of Cheibriados.
             Quit the game on level 5 of the Dungeon.
             The game lasted 00:14:53 (1811 turns).

Leszczynek the Insei (Human Gladiator)              Turns: 1811, Time: 00:14:54

Health: 2/55       AC:  4    Str: 21    XL:     7   Next: 19%
Magic:  1/7        EV: 13    Int: 11    God:    Cheibriados [......]
Gold:   132        SH:  0    Dex: 18    Spells: 6/6 levels left

rFire   + . .      SeeInvis .     - Unarmed
rCold   + . .      Faith    .   (no shield)
rNeg    . . .      Spirit   +   a - +0 leather armour
rPois   +          Reflect  .   b - +0 helmet
rElec   .          Harm     .   m - scarf {rC+ rF+}
rCorr   .          Rampage  .   (no gloves)
Will    +....                   (no boots)
Stlth   +.........              h - amulet of guardian spirit
HPRegen 0.18/turn               o - ring of willpower
MPRegen 0.10/turn               d - ring of Rafosusk {rPois Str+6 Dex+2}

@: slow
A: no striking features
a: Renounce Religion, Bend Time


You were on level 5 of the Dungeon.
You worshipped Cheibriados.
Cheibriados was noncommittal.
You visited 1 branch of the dungeon, and saw 5 of its levels.

You collected 132 gold pieces.

Inventory:

Hand Weapons
 e - a +0 club
Missiles
 f - 39 arrows
 g - 36 sling bullets
 i - 22 bolts
 n - 61 stones (quivered)
Armour
 a - a +0 leather armour (worn)
 b - a +0 helmet (worn)
 m - a scarf of resistance (worn)
Jewellery
 d - the ring of Rafosusk (right hand) {rPois Str+6 Dex+2}
   (You acquired it on level 5 of the Dungeon)

   [ring of strength]

   Str:       It affects your strength (+6).
   Dex:       It affects your dexterity (+2).
   rPois:     It protects you from poison.
 h - an amulet of guardian spirit (around neck)
 o - a ring of willpower (left hand)
 p - a ring of positive energy
Scrolls
 k - a scroll of amnesia


   Skills:
 + Level 4.3 Fighting
 - Level 2.1 Throwing
 - Level 3.1 Dodging
 * Level 6.3 Unarmed Combat


You had 6 spell levels left.
You didn't know any spells.
Your spell library contained the following spells:

 Spells                   Type           Power      Damage    Failure   Level
 Static Discharge         Conj/Air       0%         N/A       52%         2
 Lightning Bolt           Conj/Air       0%         1d11      100%        5
 Maxwell's Capacitive Co  Air            0%         ∞         100%        8


Dungeon Overview and Level Annotations

Branches:
Dungeon (5/15)
 Temple: D:4-7

Altars:
Cheibriados
Makhleb
Qazlal
Wu Jian
Xom

Annotations:
D:2 Natasha


Message History

You kill the hound!
Cheibriados appreciates the change of pace.
The orc closely misses you. The orc hits you with a +0 short sword.
The centaur skeleton closely misses you. x2
You don't have enough magic at the moment.
Unknown command.
Throw: throwing net
Press: ? - help, Q - select action, (/) - cycle Shift-Dir - straight line, f - adder
Aim: an adder (48% to hit)
You throw a throwing net.
The throwing net closely misses the adder.
The orc hits you but does no damage. The orc completely misses you.
The adder bites you but does no damage. The orc closely misses you.
The centaur skeleton hits you but does no damage.
The centaur skeleton misses you.
You closely miss the adder. The orc barely misses you. The adder misses you.
The orc misses you. The centaur skeleton hits you.
The centaur skeleton kicks you but does no damage.
The orc hits you but does no damage.
Unknown command.
You miss the adder. The adder bites you.
* * * LOW HITPOINT WARNING * * *
The centaur skeleton misses you. x2; The orc hits you but does no damage.
The orc barely misses you. The orc hits you but does no damage.
You completely miss the adder. The adder completely misses you.
The centaur skeleton hits you.
* * * LOW HITPOINT WARNING * * *
The centaur skeleton barely misses you. The orc barely misses you.
The orc hits you with a +0 hand axe.
* * * LOW HITPOINT WARNING * * *
You punch the adder!
The adder is almost dead.
The adder bites you but does no damage. The orc closely misses you.
The centaur skeleton hits you but does no damage.
The centaur skeleton kicks you.
* * * LOW HITPOINT WARNING * * *
The orc closely misses you. The orc hits you with a +0 hand axe.
* * * LOW HITPOINT WARNING * * *
Unknown command.
Are you sure you want to abandon this character and quit the game? (Confirm with "yes".)

,≈,≈≈,,,,**,...[........,,,*#####
*≈≈,,,,,,***............,*###..##
≈,≈*≈,,.,***#...$......*###......
≈≈*≈,,,..,* #.......$####....##..
≈,≈,,,,,#.###.#..............###.
*,,,,,,,#....(........#...##..##.
≈,,,,,,,#.............#..####.###
,,******#......Soo....#.#####..##
*+**** *.#...)o@Z.#.......§hZ...
,,,,,* *,#.#o####.#.##.######..#
,,,,,* *,*,#.,,,#.#.*..#****##.#
,,,,,****,*,So,,,*,#.*...,,,,,...
,,,,,**,,,,...,,,*,*,#..#****###.
,,,,,**,,,....,,,+,*,#..#,,,,,,,.
,,,,,**,,.....,,,***,#..#*,****#.
*****,,,......,,,***,*,,,,,,,,,,.
*,,,,*,,,,,,,,,,,,,,,*,,,,,,.


You could see an orc priest, an adder, 3 orcs and a centaur skeleton.

Vanquished Creatures
  A water moccasin (D:5)
  A phantom (D:5)
  A crimson imp (D:4)
  3 hounds
  Jessica (D:3)
  An iguana (D:4)
  A gnoll (D:3)
  3 adders
  A worm (D:3)
  A dart slug (D:4)
  An orc (D:5)
  5 ball pythons
  3 endoplasms (D:1)
  A giant cockroach (D:1)
  4 goblins (D:1)
  2 hobgoblins (D:1)
  3 jackals (D:1)
  A bat (D:3)
  3 kobolds
  6 rats
43 creatures vanquished.

Vanquished Creatures (others)
  A plant (D:1)
1 creature vanquished.

Grand Total: 44 creatures vanquished

Notes
Turn   | Place    | Note
-------+----------+-------------------------------------------
     0 | D:1      | Leszczynek the Human Gladiator began the quest for the Orb.
     0 | D:1      | Reached XP level 1. HP: 16/16 MP: 1/1
   176 | D:1      | Reached XP level 2. HP: 21/22 MP: 2/2
   405 | D:2      | Noticed Natasha
   444 | D:1      | Reached XP level 3. HP: 15/28 MP: 3/3
   877 | D:3      | Reached skill level 4 in Unarmed Combat
   877 | D:3      | Reached XP level 4. HP: 27/34 MP: 2/4
   887 | D:2      | Noticed Jessica
   906 | D:3      | Killed Jessica
   907 | D:3      | Reached skill level 3 in Fighting
  1097 | D:3      | Found a stormy altar of Qazlal.
  1124 | D:3      | Found a snail-covered altar of Cheibriados.
  1147 | D:3      | Became a worshipper of Cheibriados the Contemplative
  1279 | D:4      | Found a burning altar of Makhleb.
  1279 | D:4      | Found a shimmering altar of Xom.
  1292 | D:4      | Reached XP level 5. HP: 41/41 MP: 1/5
  1332 | D:5      | Entered Level 5 of the Dungeon
  1346 | D:4      | HP: 8/41 [iguana (9)]
  1404 | D:5      | Found an ornate altar of the Wu Jian Council.
  1407 | D:5      | Noticed an ice beast
  1442 | D:4      | Reached skill level 5 in Unarmed Combat
  1565 | D:4      | Reached XP level 6. HP: 47/47 MP: 6/6
  1656 | D:5      | Noticed a water moccasin
  1662 | D:5      | Identified a scroll of acquirement
  1662 | D:5      | Acquired the ring of Rafosusk {rPois Str+6 Dex+2}
  1673 | D:5      | Killed a water moccasin
  1674 | D:5      | Reached skill level 4 in Fighting
  1793 | D:5      | Reached skill level 6 in Unarmed Combat
  1793 | D:5      | Reached XP level 7. HP: 33/54 MP: 4/7
  1809 | D:5      | HP: 10/55 [centaur skeleton (3)]
  1810 | D:5      | HP: 2/55 [orc (5)]
  1811 | D:5      | Quit the game

Illustrated notes

Levels and vault maps discovered:
D:1:      evilmike_arrival_hilbert_curve, layout_loops_corners, serial_forest,
          infiniplex_forest_clump_long, infiniplex_forest_clump_tiny,
          infiniplex_forest_clump_small, infiniplex_forest_zigzag_1,
          infiniplex_forest_straight_4, infiniplex_forest_lined_room_2,
          corexii_leaking_fountain, st_stairs_3, minmay_misc_feat_iff
D:2:      layout_rooms, chequers_ecumenical_altar_twisty,
          uniq_crazy_yiuf_cottage, uniq_natasha, uniq_jessica
D:3:      layout_basic, nicolae_ru_path_of_blood,
          mainiacjoe_overflow_large_starburst
D:4:      layout_loops_ring, grunt_temple_overflow_champion_of_chaos
D:5:      layout_basic, mainiacjoe_overflow_small_starburst, minmay_misc_feat_x,
          chequers_serial_rivers_marsh, st_stairs_8

Skill      XL: |  1  2  3  4  5  6 |
---------------+-------------------+-----
Unarmed Combat | 4 5 6 |  6.3
Fighting       | 3 4 |  4.3
Throwing       | |  2.1
Dodging        | |  3.1

Action                   |  1- 3 |  4- 6 |  7- 9 || total
-------------------------+-------+-------+-------++-------
Melee: Unarmed           |   113 |    69 |    11 ||   193
       Punch             |     1 |     2 |       ||     3
Throw: Throwing net      |     3 |     3 |     1 ||     7
Invok: Bend Time         |       |     2 |     1 ||     3
  Use: Potion            |       |     4 |       ||     4
       Scroll            |       |     4 |       ||     4
 Stab: Sleeping          |     2 |     2 |       ||     4
       Held in net/web   |     1 |       |       ||     1
Armor: Leather armour    |    22 |    13 |    12 ||    47
Dodge: Dodged            |    61 |    41 |    25 ||   127

Table legend: (Time is in decaauts)
 A = Elapsed time spent in this place.
 B = Non-inter-level travel time spent in this place.
 C = Inter-level travel time spent in this place.
 D = Time resting spent in this place.
 E = Time spent auto-exploring this place.
 F = Levels seen in this place.
 G = Mean time per level.
                   A        B        C        D        E       F      G
               +--------+--------+--------+--------+--------+-----+--------+
         Total |   1970 |   1906 |     64 |      0 |      0 |   5 |  394.0 |
       Dungeon |   1970 |   1906 |     64 |      0 |      0 |   5 |  394.0 |
               +--------+--------+--------+--------+--------+-----+--------+

Top non-repeatable levels by time:
     D:1: 652 daAuts
     D:4: 553 daAuts
     D:3: 468 daAuts
     D:5: 242 daAuts
     D:2: 53 daAuts
